 Dungeon Crawl Stone Soup version 0.19.0-23-gf02e663 (webtiles) character file.

2272 RKaid the Cleaver (level 9, -3/70 HPs)
             Began as a Minotaur Fighter on Nov 19, 2016.
             Was an Initiate of Okawaru.
             Slain by a warg (13 damage)
             ... on level 7 of the Dungeon.
             The game lasted 00:08:14 (6074 turns).

RKaid the Cleaver (Minotaur Fighter)                Turns: 6074, Time: 00:08:14

Health: -3/70      AC:  6    Str: 24    XL:     9   Next: 16%
Magic:  8/8        EV:  7    Int:  5    God:    Okawaru [......]
Gold:   290        SH:  9    Dex: 10    Spells: 0 memorised, 8 levels left

rFire  . . .     SeeInvis .     a - +1 war axe
rCold  . . .     Gourm    .     b - +0 scale mail
rNeg   . . .     Faith    .     c - +0 shield
rPois  .         Spirit   .     (helmet restricted)
rElec  .         Reflect  .     (no cloak)
rCorr  +         Harm     .     (no gloves)
MR     .....                    (no boots)
Stlth  ..........               (no amulet)
                                (no ring)
                                w - ring of resist corrosion

@: drained
A: retaliatory headbutt, horns 2
a: Renounce Religion


You were on level 7 of the Dungeon.
You worshipped Okawaru.
Okawaru was noncommittal.
You were not hungry.

You visited 1 branch of the dungeon, and saw 7 of its levels.

You collected 290 gold pieces.

Inventory:

Hand Weapons
 a - a +1 war axe (weapon)
 q - a +0 trident
   (You found it on level 6 of the Dungeon)
Armour
 b - a +0 scale mail (worn)
 c - a +0 shield (worn)
Jewellery
 w - a ring of resist corrosion (left hand)
   (You found it on level 4 of the Dungeon)
Wands
 v - a wand of paralysis (11/24)
   (You found it on level 4 of the Dungeon)
 x - a wand of lightning (8/15)
   (You found it on level 6 of the Dungeon)
Scrolls
 g - 3 scrolls of remove curse
 k - a scroll of random uselessness
 m - a scroll of fear
 o - a scroll of enchant weapon
Potions
 d - a potion of berserk rage {unknown}
 e - a potion of lignification {unknown}
 h - 2 potions of agility {unknown}
 l - a potion of haste
 n - a potion of might
 p - 4 potions of curing
 r - 2 potions of invisibility {unknown}
 s - a potion of heal wounds {unknown}
 t - 3 potions of resistance
 u - a potion of mutation {unknown}
 z - a potion of ambrosia {unknown}
Comestibles
 f - 7 bread rations
 i - 2 chunks of flesh
 j - 4 meat rations


   Skills:
 - Level 3.6 Fighting
 + Level 14.0 Axes
 - Level 3.6 Armour
 - Level 3.6 Shields


You had 8 spell levels left.
You didn't know any spells.

Dungeon Overview and Level Annotations

Branches:
Dungeon (7/15)             Temple (0/1) D:5

Altars:
Fedhas
Kikubaaqudgha
Okawaru
Trog
Vehumet
Zin


Innate Abilities, Weirdness & Mutations

You reflexively headbutt those who attack you in melee.
You have a pair of horns on your head.


Message History

You hit the bullfrog skeleton.
Your headbutt misses the bullfrog skeleton.
The bullfrog skeleton hits you but does no damage.
You barely miss the bullfrog skeleton.
The bullfrog skeleton barely misses you.
You hit the bullfrog skeleton.
You destroy the bullfrog skeleton!
Okawaru accepts your kill.
No target in view!
You start eating one of the 2 slices of pizza.
Mmm...
Ham and pineapple.
You start eating the slice of pizza.
Mmm...
Chicken.
As you read the scroll labeled GUEPRO CEMO, it crumbles to dust.
The scroll dissolves into smoke.
It was a scroll of fog.
An iguana comes into view.
The iguana hisses angrily.
The iguana hisses menacingly.
An iguana is nearby!
An iguana is nearby!
You closely miss the iguana. You headbutt the iguana!
You block the iguana's attack.
You slash the iguana!
You kill the iguana!
Okawaru accepts your kill.
No target in view!
You butcher the iguana corpse.
i - 2 chunks of flesh You see here an iguana skeleton. x2
You see here 8 javelins.
There is a stone staircase leading down here.
e - a smoky pink potion You open the door.
There is an open door here.
A bullfrog comes into view.
The bullfrog gives a loud, deep croak!
A bullfrog is nearby!
A bullfrog is nearby!
You block the bullfrog's attack.
You closely miss the bullfrog. The bullfrog hits you.
You barely miss the bullfrog. You headbutt the bullfrog.
The bullfrog hits you but does no damage.
You slash the bullfrog! Your headbutt misses the bullfrog.
The bullfrog hits you but does no damage.
The bullfrog barely misses you.
You slash the bullfrog!
You kill the bullfrog!
Okawaru accepts your kill.
No target in view!
A warg comes into view.
You see here a bullfrog corpse.
A warg is nearby!
A warg is nearby!
A warg is nearby!
You catch the helpless warg completely off-guard!
You slash the warg! The warg bites you!
You slash the warg! The warg bites you!
You closely miss the warg. Your headbutt misses the warg.
You block the warg's attack.
You miss the warg. Your headbutt misses the warg. The warg closely misses you.
You furiously retaliate!
You headbutt the warg, but do no damage.
You hit the warg but do no damage. Your headbutt misses the warg.
The warg bites you!
A warg comes into view.
The warg howls!
There are monsters nearby!
You are too injured to fight recklessly!
You are too injured to fight recklessly!
You are too injured to fight recklessly!
You are too injured to fight recklessly!
You hear a shout!
The warg bites you.
You hear a howl! x2
An orc comes into view. It is wielding a flail.
You hit the warg but do no damage. Your headbutt misses the warg.
You block the warg's attack. The warg bites you!
* * * LOW HITPOINT WARNING * * *
You slice the warg!!
You kill the warg!
Okawaru accepts your kill.
Your Axes skill increases to level 14!
You slash the warg! Your headbutt misses the warg.
You block the warg's attack. x2
You hit the warg. You block the warg's attack.
You are too injured to fight recklessly!
You slash the warg! The warg bites you!
* * * LOW HITPOINT WARNING * * *
Evoke which item? (* to show all) (? for menu, Esc to quit)
Zapping:
x - a wand of lightning (will waste charges)
Press: ? - help, Shift-Dir - straight line, f - orc
Aim: an orc, wielding a flail You hear a mighty clap of thunder!
The bolt of lightning hits the warg.
The bolt of lightning hits the orc.
You kill the orc!
Okawaru accepts your kill.
Evoking this partially-identified wand wasted a few charges.
You hear a shout! x4; You hear a howl! x3; You hear a shout!
You block the warg's attack. The warg bites you!
You die...

###########...........#
###...........#
#.............#
#.............# .
#.............#
..#######..(.......#
......###..........#
........######'#####
.......†).h@...#
##....#.######## ##+#
#.. ##.# .# .. ≈≈ ≈≈≈


You could see a warg.

Vanquished Creatures
  Sigmund (D:2)
  A warg (D:7)
  Duvessa (D:6)
  An orc warrior (D:6)
  A black bear (D:6)
  A phantom (D:6)
  2 ogres (D:5)
  A bullfrog (D:7)
  A scorpion (D:6)
  Dowan (D:6)
  3 wights (D:6)
  3 howler monkeys
  A bullfrog zombie (D:5)
  3 hounds
  3 orc priests
  A gnoll shaman (D:6)
  3 bullfrog skeletons
  4 iguanas
  3 worker ants
  10 orc wizards
  11 adders
  2 gnolls (D:6)
  A shadow imp (D:4)
  An adder skeleton (D:5)
  2 adder zombies (D:5)
  5 worms
  4 dart slugs
  5 leopard geckos
  22 orcs
  4 giant cockroaches
  10 goblins
  11 hobgoblins
  7 jackals
  10 kobolds
  A quokka (D:4)
  3 ball pythons
  A ball python skeleton (D:4)
  7 bats
  6 frilled lizards
  A quokka skeleton (D:6)
  6 rats
165 creatures vanquished.

Notes
Turn   | Place    | Note
-------+----------+-------------------------------------------
     0 | D:1      | RKaid the Minotaur Fighter began the quest for the Orb.
     0 | D:1      | Reached XP level 1. HP: 19/19 MP: 0/0
   118 | D:1      | Reached skill level 3 in Axes
   159 | D:1      | Reached XP level 2. HP: 26/26 MP: 1/1
   412 | D:2      | Reached skill level 4 in Axes
   652 | D:2      | Reached XP level 3. HP: 31/31 MP: 2/2
   851 | D:2      | Noticed Sigmund
  1082 | D:2      | Killed Sigmund
  1082 | D:2      | Reached skill level 7 in Axes
  1082 | D:2      | Reached XP level 4. HP: 23/39 MP: 3/3
  1082 | D:2      | Reached XP level 5. HP: 27/45 MP: 4/4
  1776 | D:3      | Reached XP level 6. HP: 16/51 MP: 5/5
  2125 | D:3      | Found a radiant altar of Vehumet.
  2493 | D:4      | Reached skill level 8 in Axes
  2735 | D:4      | Reached skill level 9 in Axes
  2742 | D:4      | Reached XP level 7. HP: 53/57 MP: 6/6
  2916 | D:4      | Found a bloodstained altar of Trog.
  2999 | D:4      | Found a glowing silver altar of Zin.
  3160 | D:5      | Entered Level 5 of the Dungeon
  3255 | D:5      | Found an ancient bone altar of Kikubaaqudgha.
  3259 | D:5      | Reached skill level 10 in Axes
  3651 | D:5      | Reached skill level 11 in Axes
  3719 | D:5      | Reached XP level 8. HP: 62/64 MP: 7/7
  4023 | D:5      | Found a staircase to the Ecumenical Temple.
  4705 | D:6      | Noticed Dowan
  4705 | D:6      | Reached skill level 12 in Axes
  4706 | D:6      | Noticed Duvessa
  4718 | D:6      | Killed Dowan
  4726 | D:6      | Killed Duvessa
  5046 | D:6      | Reached skill level 13 in Axes
  5290 | D:6      | Found an iron altar of Okawaru.
  5300 | D:6      | Became a worshipper of Warmaster Okawaru
  5386 | D:6      | Found a blossoming altar of Fedhas.
  5459 | D:6      | Reached XP level 9. HP: 49/70 MP: 8/8
  5654 | D:6      | HP: 17/70 [gnoll/halberd (11)]
  6068 | D:7      | HP: 16/70 [warg (11)]
  6069 | D:7      | Reached skill level 14 in Axes
  6074 | D:7      | Slain by a warg

Skill      XL: |  1  2  3  4  5  6  7  8  9 |
---------------+----------------------------+-----
Axes           | 3 4 7 9 11 13 14 | 14.0
Fighting       | |  3.6
Armour         | |  3.6
Shields        | |  3.6

Action                   |  1- 3 |  4- 6 |  7- 9 || total
-------------------------+-------+-------+-------++-------
Melee: War axe           |    79 |   109 |   263 ||   451
       Headbutt          |    18 |    27 |    36 ||    81
Evoke: Wand              |       |       |     1 ||     1
  Use: Potion            |     1 |       |       ||     1
       Scroll            |       |       |    11 ||    11
 Stab: Distracted        |       |       |     1 ||     1
  Eat: Chunk             |       |     6 |     6 ||    12
       Beef jerky        |       |       |     2 ||     2
       Pizza             |       |       |     2 ||     2
Armor: Scale mail        |    54 |    27 |    72 ||   153
Dodge: Dodged            |    21 |    25 |    70 ||   116
Block: Shield            |    55 |    61 |   123 ||   239

Vault maps used:
D:1:      mrwooster_arrival_arrow
D:2:      minmay_ruptured, uniq_sigmund
D:3:      lemuel_crystal_altar, first_bread, hex_tiny
D:4:      kennysheep_little_box, trog_butcher_becter
D:5:      corexii_shack_village, lemuel_crystal_altar
D:6:      minitemple, uniq_duvessa
D:7:      lemuel_castle_with_subvaults

Table legend:
 A = Turns spent in this place as a percentage of turns spent in the entire game.
 B = Non-inter-level travel turns spent in this place as a percentage of non-inter-level travel turns spent in the entire game.
 C = Inter-level travel turns spent in this place as a percentage of turns spent in this place.
 D = Turns resting spent in this place as a percentage of non-inter-level travel turns spent in this place.
 E = Turns spent auto-exploring this place as a percentage of non-inter-level travel turns spent in this place.
 F = Non-inter-level travel turns spent in this place divided by the number of levels of this place that you've seen.
                   A       B       C       D       E      F
               +-------+-------+-------+-------+-------+----------------------
         Total | 100.0 | 100.0 |   0.5 |   3.2 |  11.6 | 211.7
       Dungeon | 100.0 | 100.0 |   0.5 |   3.2 |  11.6 | 211.7
               +-------+-------+-------+-------+-------+----------------------

Table legend:
 A = Kills in this place as a percentage of kills in entire the game.
 B = Kills by you in this place as a percentage of kills by you in the entire game.
 C = Kills by friends in this place as a percentage of kills by friends in the entire game.
 D = Other kills in this place as a percentage of other kills in the entire game.
 E = Experience gained in this place as a percentage of experience gained in the entire game.
 F = Experience gained in this place divided by the number of levels of this place that you have seen.
                   A       B       C       D       E      F
               +-------+-------+-------+-------+-------+----------------------
         Total | 100.0 | 100.0 |  -nan |  -nan | 100.0 | 463.9
       Dungeon | 100.0 | 100.0 |  -nan |  -nan | 100.0 | 463.9
               +-------+-------+-------+-------+-------+----------------------
